 Dungeon Crawl Stone Soup version 0.28-a0-793-g31680bbd8b (webtiles) character file.

Game seed: 382604798120776538

13 kae the Caller (level 2, 0/13 HPs)
             Began as a Vine Stalker Summoner on Nov 3, 2021.
             Slain by a hobgoblin (1 damage)
             ... on level 1 of the Dungeon.
             The game lasted 00:00:35 (434 turns).

kae the Caller (Vine Stalker Summoner)               Turns: 434, Time: 00:00:36

Health: 0/13       AC:  2    Str: 10    XL:     2   Next: 37%
Magic:  0/15       EV: 12    Int: 15    God:
Gold:   22         SH:  0    Dex: 14    Spells: 3/6 levels left

rFire   . . .      SeeInvis .   (no weapon)
rCold   . . .      Faith    .   (no shield)
rNeg    . . .      Spirit   +   a - +0 robe
rPois   .          Reflect  .   (no helmet)
rElec   .          Harm     .   (no cloak)
rCorr   .          Rampage  .   (no gloves)
Will    .....                   (no boots)
Stlth   ++........              (no amulet)
HPRegen 0.04/turn               d - ring of magical power
MPRegen 0.14/turn               (no ring)

@: brilliant
A: fangs 2, magic shield, antimagic bite, no potion heal 2
a: no special abilities


You were on level 1 of the Dungeon.
You visited 1 branch of the dungeon, and saw 1 of its levels.

You collected 22 gold pieces.

Inventory:

Armour
 a - a +0 robe (worn)
Jewellery
 d - a ring of magical power (left hand)
 h - a +6 ring of dexterity
Scrolls
 g - a scroll of brand weapon {unknown}
Potions
 e - a potion of haste {unknown}
 f - a potion of might {unknown}


   Skills:
 - Level 1.5 Dodging
 - Level 2.4 Stealth
 + Level 2.5 Spellcasting
 * Level 4.4 Summonings


You had 3 spell levels left.
You knew the following spells:

 Your Spells              Type           Power      Damage    Failure   Level
a - Summon Small Mammal   Summ           88%        N/A       3%          1
b - Call Imp              Summ           22%        N/A       5%          2

Your spell library contained the following spells:

 Spells                   Type           Power      Damage    Failure   Level
 Call Canine Familiar     Summ           22%        N/A       11%         3
 Summon Guardian Golem    Hex/Summ       12%        N/A       26%         3
 Summon Lightning Spire   Summ/Air       12%        N/A       63%         4


Dungeon Overview and Level Annotations

Branches:
Dungeon (1/15)

Altars:


Innate Abilities, Weirdness & Mutations

You have extremely sharp teeth.
When hurt, damage is shared between your health and your magic reserves.
Your bite disrupts and absorbs the magic of your enemies.
Potions cannot restore your health.


Message History

Your rat barely misses the hobgoblin.
Your bat closely misses the hobgoblin.
The hobgoblin hits you. The hobgoblin barely misses you.
Your rat barely misses the hobgoblin.
You are too injured to fight recklessly!
You are too injured to fight recklessly!
You are too injured to fight recklessly!
You are too injured to fight recklessly!
You barely miss the hobgoblin. Your bite misses the hobgoblin.
The hobgoblin is moderately wounded.
Your bat closely misses the hobgoblin.
The hobgoblin hits you.
* * * LOW HITPOINT WARNING * * *
The hobgoblin hits you but does no damage.
Your crimson imp blinks!
Your rat completely misses the hobgoblin.
You swap places.
Your bat hits the hobgoblin but does no damage.
The hobgoblin closely misses your rat. The hobgoblin hits you.
* * * LOW HITPOINT WARNING * * *
Your rat bites the hobgoblin.
Your bat hits the hobgoblin.
You see here 3 gold pieces.
The hobgoblin closely misses your bat.
Your rat closely misses the hobgoblin.
Your bat hits the hobgoblin but does no damage.
Your bat closely misses the hobgoblin.
Your crimson imp barely misses the hobgoblin.
Your bat hits the hobgoblin but does no damage.
Your rat misses the hobgoblin.
Your crimson imp barely misses the hobgoblin.
Your bat hits the hobgoblin but does no damage.
The hobgoblin barely misses your bat.
Your rat bites the hobgoblin but does no damage.
Your bat hits the hobgoblin but does no damage.
The hobgoblin hits your rat.
Your rat barely misses the hobgoblin.
Your crimson imp blinks!
Your bat barely misses the hobgoblin.
It was a potion of brilliance.
You feel clever all of a sudden.
Your bat barely misses the hobgoblin.
The hobgoblin closely misses you.
It was a potion of curing.
That felt strangely inert.
Your bat hits the hobgoblin. x2; The hobgoblin hits you.
You die...

..........###########
....#+##.##
.####.##.# #....####
###.....# #####+# #
#.....####....... ♣#
#.........r...... .♣#
#.†.......g...... ..#
#@g.....$........ ..#
#..b............. ..#
###.†...####.......
.### #.......#
....... .∩.#
#.......# .....##
.### #.[.....# ...#.#
..# #........ ......
### #......... ...
∩.# +....^.....


You could see a hobgoblin (ally target) and a friendly bat (summoned).

Vanquished Creatures
  2 ball pythons (D:1)
  A quokka (D:1)
3 creatures vanquished.

Vanquished Creatures (collateral kills)
  A dart slug (D:1)
  2 ball pythons (D:1)
  A bat (D:1)
  A goblin (D:1)
  3 rats (D:1)
8 creatures vanquished.

Grand Total: 11 creatures vanquished

Notes
Turn   | Place    | Note
-------+----------+-------------------------------------------
     0 | D:1      | kae the Vine Stalker Summoner began the quest for the Orb.
     0 | D:1      | Reached XP level 1. HP: 9/9 MP: 4/4
   282 | D:1      | Reached XP level 2. HP: 13/13 MP: 6/6
   285 | D:1      | Learned a level 2 spell: Call Imp
   434 | D:1      | Slain by a hobgoblin

Illustrated notes

Levels and vault maps discovered:
D:1:      nzn_arrival_settlement, layout_basic

Action                   || total
-------------------------++-------
Melee: Unarmed           ||    16
       Bite              ||     3
 Cast: Summon Small Mamm ||    14
       Call Imp          ||     2
  Use: Potion            ||     2
Armor: Robe              ||     8
Dodge: Dodged            ||    22

Table legend: (Time is in decaauts)
 A = Elapsed time spent in this place.
 B = Non-inter-level travel time spent in this place.
 C = Inter-level travel time spent in this place.
 D = Time resting spent in this place.
 E = Time spent auto-exploring this place.
 F = Levels seen in this place.
 G = Mean time per level.
                   A        B        C        D        E       F      G
               +--------+--------+--------+--------+--------+-----+--------+
         Total |    433 |    433 |      0 |      0 |    315 |   1 |  433.0 |
       Dungeon |    433 |    433 |      0 |      0 |    315 |   1 |  433.0 |
               +--------+--------+--------+--------+--------+-----+--------+

Top non-repeatable levels by time:
     D:1: 433 daAuts
